 Dungeon Crawl Stone Soup version 0.31.0-9-g3a7656b989 (webtiles) character file.

Game seed: 12972781617410006389

68 qw the Shooter (level 4, -3/22 HPs)
             Began as a Spriggan Hunter on Feb 2, 2024.
             Slain by Grinder (4 damage)
             ... while paralysed by Grinder
             ... on level 3 of the Dungeon.
             The game lasted 00:00:06 (1526 turns).

qw the Shooter (Spriggan Hunter)                    Turns: 1526, Time: 00:00:06

Health: -3/22      AC:  2    Str:  7    XL:     4   Next: 1%
Magic:  5/5        EV:  4    Int: 10    God:
Gold:   96         SH:  0    Dex: 20    Spells: 3/3 levels left

rFire   . . .        a - +0 shortbow
rCold   . . .        (shield currently unavailable)
rNeg    . . .        c - +0 robe
rPois   .            (helmet restricted)
rElec   .            (no cloak)
rCorr   .            (gloves unavailable)
SInv    +            (boots unavailable)
Will    .....        (no amulet)
Stlth   ++           h - +5 ring of evasion
HPRegen 0.23/turn    (no ring)
MPRegen 0.09/turn

%: no passive effects
@: paralysed, very quick
A: very small, no large weapons, unfitting armour, see invisible, speed 3
a: no special abilities


You were on level 3 of the Dungeon.
You visited 1 branch of the dungeon, and saw 3 of its levels.

You collected 96 gold pieces.


Innate Abilities, Weirdness & Mutations

You are very small and have problems with some larger weapons.
You are too small for most types of armour.
You have supernaturally acute eyesight. (SInv)
You cover ground extremely quickly. (Speed+++)


   Skills:
 - Level 1.5 Fighting
 - Level 5.0 Ranged Weapons
 + Level 4.3 Dodging
 - Level 1.5 Stealth


You had 3 spell levels left.
You didn't know any spells.
Your spell library was empty.

Inventory:

Hand Weapons
 a - a +0 shortbow (weapon)
Armour
 c - a +0 robe (worn)
Jewellery
 d - a ring of fire
 h - a +5 ring of evasion (left hand)
Potions
 g - a potion of cancellation
 i - a potion of curing

Dungeon Overview and Level Annotations

Branches:
Dungeon (3/15)

Altars:

Annotations:
D:3 Grinder


Message History

An orc comes into view. It is wielding a +0 club.
You shoot an arrow. The orc shouts!
The arrow hits the orc.
You kill the orc!
You shoot an arrow. The arrow hits the orc.
The orc is heavily wounded.
Grinder comes into view.
You shoot an arrow. The arrow closely misses the orc.
You shoot an arrow. The arrow closely misses the orc.
You shoot an arrow. The arrow hits the orc!
You kill the orc!
An endoplasm comes into view.
You shoot an arrow. The arrow closely misses the orc.
Grinder blinks!
The orc closely misses you. The orc misses you.
You shoot an arrow. The arrow closely misses the orc.
The arrow hits Grinder.
Grinder is lightly wounded.
Grinder blinks!
The orc misses you. x2
You shoot an arrow. The arrow hits the orc!
You kill the orc!
The orc hits you with a +0 short sword.
You have reached level 4!
You shoot an arrow. The arrow hits Grinder.
Grinder is moderately wounded.
Grinder completely misses you. The orc completely misses you.
The orc misses you. Grinder misses you.
You shoot an arrow. The arrow barely misses Grinder.
Grinder closely misses you. The orc barely misses you.
You shoot an arrow.
The arrow hits Grinder but does no damage.
Grinder is moderately wounded.
Grinder gestures at you.
You suddenly lose the ability to move!
The endoplasm hits you. The orc hits you with a +0 short sword.
Grinder hits you.
You writhe in agony.
The endoplasm hits you but does no damage.
The orc hits you with a +0 short sword. Grinder hits you.
You writhe in agony.
You die...
Grinder sighs, "Dead already?
I want a refund."

.. ...
...####################
$....................<#
#..)...#..######.######
#......#..# #.#
......o#..# #.#
......J@5.# #.#
.#.######.# #.#
#.#.####.# #.#
#........# #.#
....####.######.#
#.#+####........#
.[......########
............#
........#####


You could see Grinder, an orc and an endoplasm.

Vanquished Creatures
  An adder (D:2)
  3 dart slugs
  2 ribbon worms (D:2)
  3 orcs (D:3)
  4 endoplasms
  3 giant cockroaches
  5 goblins
  2 hobgoblins (D:1)
  4 jackals (D:2)
  3 quokkas
  2 ball pythons (D:1)
  3 bats
  2 frilled lizards
  4 kobolds
  3 rats
44 creatures vanquished.

Notes
Turn   | Place    | Note
-------+----------+-------------------------------------------
     0 | D:1      | qw the Spriggan Hunter began the quest for the Orb.
     0 | D:1      | Reached XP level 1. HP: 10/10 MP: 2/2
     0 | D:1      | 0 ||| qw: Version: 0.3-a-155-g5e7d8dd
     0 | D:1      | 0 ||| qw: Game counter: 792
     0 | D:1      | 0 ||| qw: Melee chars always use a shield: true
     0 | D:1      | 0 ||| qw: God list: Okawaru
     0 | D:1      | 0 ||| qw: Allow faded altars: false
     0 | D:1      | 0 ||| qw: Do Orc after clearing Dungeon:15 true
     0 | D:1      | 0 ||| qw: Do second Lair branch before Depths: true
     0 | D:1      | 0 ||| qw: Lair rune preference: random
     0 | D:1      | 0 ||| qw: Goals: Normal
     0 | D:1      | 0 ||| PLANNING D:1-11
    17 | D:1      | Reached skill level 3 in Dodging
   125 | D:1      | Reached XP level 2. HP: 14/14 MP: 3/3
   392 | D:1      | 392 ||| UPGRADING to +5 ring of evasion.
   393 | D:1      | 393 ||| READING scroll labelled YLLAKHU VAKK.
   393 | D:1      | 393 ||| IDENTIFYING glowing golden potion
   394 | D:1      | 394 ||| READING scroll labelled JUCSUTIXKO.
   421 | D:1      | 421 ||| DRINKING 2 green potions.
   455 | D:1      | 455 ||| DROPPING scroll of butterflies.
   456 | D:1      | 456 ||| DROPPING potion of lignification.
   457 | D:1      | 457 ||| DROPPING potion of degeneration.
   478 | D:2      | 478 ||| STAIRDANCE
   482 | D:2      | 482 ||| STAIRDANCE
   495 | D:2      | Reached XP level 3. HP: 18/18 MP: 4/4
  1124 | D:2      | Reached skill level 5 in Ranged Weapons
  1244 | D:2      | Found a faded altar of an unknown god.
  1371 | D:2      | 1371 ||| READING 2 scrolls of identify.
  1371 | D:2      | 1371 ||| IDENTIFYING fizzy green potion
  1372 | D:2      | 1372 ||| READING scroll of identify.
  1372 | D:2      | 1372 ||| IDENTIFYING red potion
  1373 | D:2      | 1373 ||| READING scroll labelled COIVIG WOWNUL.
  1376 | D:2      | 1376 ||| READING scroll labelled QUQOANL GOHOI.
  1378 | D:2      | 1378 ||| Stepping ~*~*~tactically~*~*~ (cloud).
  1383 | D:2      | HP: 4/18 [poisoned by you (poison gas)]
  1515 | D:3      | Noticed Grinder
  1522 | D:3      | Reached XP level 4. HP: 20/22 MP: 5/5
  1524 | D:3      | Paralysed by Grinder for 5 turns
  1525 | D:3      | HP: 5/22 [orc/+0 short sword (1)]
  1526 | D:3      | HP: 1/22 [Grinder (4)]
  1526 | D:3      | Slain by Grinder

Levels and vault maps discovered:
D:1:      dpeg_arrival_line_fractal, layout_rooms
D:2:      layout_loops_corners, shapermc_ecumenical_altar_acropolis,
          minmay_misc_feat_alley, minmay_circle_x
D:3:      layout_basic, gammafunk_temple_overflow_pools,
          nicolae_underground_beach, uniq_crazy_yiuf_cottage, uniq_robin,
          uniq_grinder

Skill      XL: |  1  2  3 |
---------------+----------+-----
Dodging        | 3 4 |  4.3
Ranged Weapons | 5 |  5.0
Fighting       | |  1.5
Stealth        | |  1.5

Action                     |  1- 3 |  4- 6 || total
---------------------------+-------+-------++-------
   Fire: Shortbow          |   115 |     3 ||   118
    Use: Scroll            |     6 |       ||     6
         Potion            |     1 |       ||     1
 Armour: Robe              |     7 |     6 ||    13
  Dodge: Dodged            |    47 |     6 ||    53

Table legend:
 A = Non-vault XP
 B = Vault XP
 C = Vault XP percentage of total XP
 D = Non-vault monster count
 E = Vault monster count
 F = Vault count percentage of total count
                 A         B        C        D         E       F
            +---------+---------+-------+---------+---------+-------
      Total |      94 |       4 |   4.1 |      40 |       4 |   9.1
            +---------+---------+-------+---------+---------+-------
        D:1 |      36 |       0 |   0.0 |      21 |       0 |   0.0
        D:2 |      47 |       4 |   7.8 |      15 |       4 |  21.1
        D:3 |      11 |       0 |   0.0 |       4 |       0 |   0.0
            +---------+---------+-------+---------+---------+-------
